 Dungeon Sprint DCSS version 0.27.1 (webtiles) character file.

Game seed: 7168746432501039186

2823 styxcanada the Imperceptible (level 9, -8/48 HPs)
             Began as a Spriggan Brigand on Aug 22, 2021.
             Was an Initiate of Gozag.
             Killed by angry trees
             ... awakened by a spriggan druid
              (9 damage)
             ... in the Dungeon (Sprint IV: "Fedhas' Mad Dash").
             The game lasted 00:05:52 (608 turns).

styxcanada the Imperceptible (Spriggan Brigand)      Turns: 608, Time: 00:05:53

Health: -8/48      AC:  4    Str:  7    XL:     9   Next: 45%
Magic:  10/10      EV: 24    Int: 15    God:    Gozag
Gold:   941        SH:  0    Dex: 19    Spells: 8/8 levels left

rFire    . . .     SeeInvis +   n - +2 dagger (venom)
rCold    . . .     Faith    .   (shield restricted)
rNeg     . . .     Spirit   .   b - +0 robe
rPois    .         Reflect  .   (helmet restricted)
rElec    .         Harm     .   o - +1 cloak of Conscience {Regen+ Int+2}
rCorr    .         Rampage  .   (gloves unavailable)
Will     +....     NoTele   +   (boots unavailable)
Stlth    +++++++++.             l - amulet of invisibility {+Inv}
HPRegen  1.16/turn              (no ring)
MPRegen  0.12/turn              (no ring)

@: very slightly contaminated, invisible, very quick
A: very small, no large weapons, unfitting armour, see invisible, speed 3
a: Renounce Religion, Evoke Invisibility, Potion Petition, Call Merchant, Bribe
Branch


You were in the Dungeon.
You worshipped Gozag.
Gozag was pleased with you.
You visited 1 branch You collected 1520 gold pieces.
You spent 579 gold pieces at shops.

Inventory:

Hand Weapons
 a - a +2 dagger
 c - a +1 shortbow of flaming
 n - a +2 dagger of venom (weapon)
Missiles
 d - 8 poisoned darts (quivered)
 e - 2 curare-tipped darts
Armour
 b - a +0 robe (worn)
 o - the +1 cloak of Conscience (worn) {Regen+ Int+2}
   (You bought it in a shop in the Dungeon)

   Int:       It affects your intelligence (+2).
   Regen:     It increases your rate of health regeneration.
Jewellery
 l - the amulet of invisibility (around neck) {+Inv}
   (You found it in the Dungeon)

   [amulet of nothing]

   +Inv:      It lets you turn invisible.
Scrolls
 k - a scroll of blinking
 m - 2 scrolls of identify
 q - a scroll of immolation {unknown}
Potions
 f - a potion of curing
 g - a potion of heal wounds
 h - a potion of haste
 i - 2 potions of magic
 j - a potion of berserk rage
Miscellaneous
 p - a lightning rod (4/4)


   Skills:
 * Level 6.2 Fighting
 + Level 6.1 Short Blades
 + Level 3.9 Throwing
 * Level 9.7 Dodging
 * Level 23.1 Stealth
 * Level 10.1 Evocations


You had 8 spell levels left.
You didn't know any spells.
Your spell library was empty.

Dungeon Overview and Level Annotations

Branches:
Dungeon (1/1)

Altars:
Cheibriados
Dithmenos
Elyvilon
Gozag
Hepliaklqana
Kikubaaqudgha
Makhleb
Nemelex Xobeh
Okawaru
Qazlal
Ru
Sif Muna
Trog
Uskayaw
Vehumet
Wu Jian
Xom
Yredelemnul
Zin
The Shining One
Beogh
Jiyva
Lugonu

Shops:
D (**(


Innate Abilities, Weirdness & Mutations

You are very small and have problems with some larger weapons.
You are too small for most types of armour.
You have supernaturally acute eyesight. (SInv)
You cover ground extremely quickly. (Speed+++)


Message History

You are hit by a branch!
The spriggan druid completely misses you.
You closely miss the spriggan druid.
The spriggan druid is lightly wounded.
A root smacks you from below!
You miss the spriggan druid.
The spriggan druid is moderately wounded.
The spriggan druid barely misses you.
Unknown command.
You barely miss the spriggan druid.
The spriggan druid is moderately wounded.
Tree limbs sway around you.
You are hit by a branch!
You barely miss the spriggan druid.
The spriggan druid is moderately wounded.
A tree reaches out and hits you!
* * * LOW HITPOINT WARNING * * *
The spriggan druid calls out to the beasts of the wild!
You hit the spriggan druid.
The spriggan druid looks as sick as possible!
The spriggan druid is moderately wounded.
The spriggan druid barely misses you.
You feel much better.
You are hit by a branch!
The spriggan druid hits you with a +0 quarterstaff!
* * * LOW HITPOINT WARNING * * *
You closely miss the spriggan druid.
The spriggan druid is moderately wounded.
Trunks creak and shift.
A root lunges up near you.
You barely miss the spriggan druid.
The spriggan druid is moderately wounded.
You feel roots moving beneath the ground.
A root lunges up near you.
The spriggan druid hits you with a +0 quarterstaff.
* * * LOW HITPOINT WARNING * * *
You miss the spriggan druid.
The spriggan druid is heavily wounded.
You are hit by a branch!
You die...
Your body crumbles into a pile of gold.

#################################
...†#.....#.⌠._._._._.⌠.#.|'.)[#.
....'.#)..'.._._._._._..'..#[..#.
..†.#.#...#..._._._._...#..###'##
########'##.._._._._._..#.)##∩∩.'
......'...#._._._._._.⌠.#########
♣.....#...###############
..♣..######♣♣♣♣♣@i♣$ $
'######.)'......♣..♣
.'.......#♣..♣♣♣.♣..#
##.......#.♣♣.)♣.$$♣+ $
########## #######


You could see a spriggan druid (extremely poisoned).

Vanquished Creatures
  2 oklob plants (D)
  A queen bee (D)
  3 burning bushes (D)
  3 wandering mushrooms (D)
  3 scorpions (D)
  4 killer bees (D)
  5 oklob saplings (D)
  2 spriggans (D)
  A river rat (D)
  A rat (D)
25 creatures vanquished.

Notes
Turn   | Place    | Note
-------+----------+-------------------------------------------
     0 | D        | styxcanada the Spriggan Brigand began the quest for the
                  | Orb.
     0 | D        | Reached XP level 1. HP: 10/10 MP: 2/2
     9 | D        | Reached skill level 8 in Stealth
     9 | D        | Reached XP level 2. HP: 15/15 MP: 3/3
    17 | D        | Noticed an oklob sapling
    19 | D        | Killed an oklob sapling
    20 | D        | Reached skill level 10 in Stealth
    20 | D        | Reached XP level 3. HP: 18/18 MP: 4/4
    21 | D        | Noticed a scorpion
    21 | D        | Found the amulet of invisibility {+Inv}
    23 | D        | Killed a scorpion
    24 | D        | Reached skill level 12 in Stealth
    24 | D        | Reached XP level 4. HP: 23/23 MP: 5/5
    44 | D        | Found an opulent altar of Gozag.
    44 | D        | Found a hazy altar of Hepliaklqana.
    44 | D        | Found a burning altar of Makhleb.
    44 | D        | Found a sparkling altar of Nemelex Xobeh.
    44 | D        | Found a snail-covered altar of Cheibriados.
    44 | D        | Found a sacrificial altar of Ru.
    44 | D        | Found a shimmering blue altar of Sif Muna.
    44 | D        | Found a shimmering altar of Xom.
    44 | D        | Found a basalt altar of Yredelemnul.
    45 | D        | Found a viscous altar of Jiyva.
    45 | D        | Found a bloodstained altar of Trog.
    45 | D        | Found an ornate altar of the Wu Jian Council.
    46 | D        | Found an iron altar of Okawaru.
    46 | D        | Found a shadowy altar of Dithmenos.
    46 | D        | Found a glowing silver altar of Zin.
    47 | D        | Found an ancient bone altar of Kikubaaqudgha.
    47 | D        | Found a hide-covered altar of Uskayaw.
    48 | D        | Found a stormy altar of Qazlal.
    48 | D        | Found a white marble altar of Elyvilon.
    48 | D        | Found a glowing golden altar of the Shining One.
    49 | D        | Became a worshipper of Gozag Ym Sagoz the Greedy
    50 | D        | Found a corrupted altar of Lugonu.
    50 | D        | Found a radiant altar of Vehumet.
    54 | D        | Reached skill level 13 in Stealth
    54 | D        | Reached XP level 5. HP: 28/28 MP: 3/6
   106 | D        | Reached skill level 14 in Stealth
   106 | D        | Reached skill level 1 in Evocations
   112 | D        | Reached skill level 5 in Dodging
   113 | D        | Reached skill level 15 in Stealth
   115 | D        | Reached XP level 6. HP: 32/32 MP: 5/7
   139 | D        | Found Iral's General Store.
   139 | D        | Found Adyuf's Antique Weapon Emporium.
   146 | D        | Bought the +1 cloak of Conscience {Regen+ Int+2} for 227
                  | gold pieces
   264 | D        | Noticed a burning bush
   264 | D        | Noticed a wandering mushroom
   265 | D        | Noticed a wandering mushroom
   268 | D        | Killed a burning bush
   269 | D        | Reached skill level 17 in Stealth
   269 | D        | Killed a wandering mushroom
   270 | D        | Reached skill level 18 in Stealth
   270 | D        | Reached skill level 5 in Evocations
   270 | D        | Reached XP level 7. HP: 38/38 MP: 5/8
   270 | D        | Killed a wandering mushroom
   271 | D        | Reached skill level 5 in Short Blades
   271 | D        | Reached skill level 19 in Stealth
   287 | D        | Found Ikhegg's Antique Weapon Emporium.
   287 | D        | Found Osaollou's General Store.
   294 | D        | Bought a scroll of identify for 22 gold pieces
   298 | D        | Bought a lightning rod (4/4) for 330 gold pieces
   334 | D        | Reached XP level 8. HP: 42/42 MP: 6/9
   340 | D        | Noticed a queen bee
   352 | D        | Reached skill level 5 in Fighting
   352 | D        | Reached skill level 20 in Stealth
   360 | D        | Killed a queen bee
   430 | D        | Noticed an oklob plant
   433 | D        | Killed an oklob plant
   434 | D        | Reached skill level 21 in Stealth
   448 | D        | Noticed a burning bush
   451 | D        | Killed a burning bush
   452 | D        | Reached XP level 9. HP: 48/48 MP: 8/10
   515 | D        | Noticed a burning bush
   515 | D        | Noticed an oklob plant
   516 | D        | Noticed a wandering mushroom
   517 | D        | Killed a burning bush
   518 | D        | Reached skill level 22 in Stealth
   526 | D        | Killed an oklob plant
   528 | D        | Killed a wandering mushroom
   529 | D        | Reached skill level 23 in Stealth
   529 | D        | Reached skill level 10 in Evocations
   533 | D        | Identified the +1 great sword of Eternity {vorpal, +Rage
                  | rC++ Will+ Stlth-}
   595 | D        | Noticed a spriggan druid
   605 | D        | HP: 2/48 [spriggan druid (14)]
   608 | D        | Killed from afar by a spriggan druid

Illustrated notes

Levels and vault maps discovered:
D:        dungeon_sprint_fedhas [sprint_temple]

Skill      XL: |  1  2  3  4  5  6  7  8  9 |
---------------+----------------------------+-----
Dodging        | 2 3 4 5 7 8 9 |  9.7
Stealth        | 8 10 12 13 15 18 19 21 23 | 23.1
Fighting       | 2 3 4 5 6 |  6.2
Short Blades   | 3 4 5 6 |  6.1
Evocations     | 2 5 6 8 10 | 10.1
Throwing       | 3 |  3.9

Action                   |  1- 3 |  4- 6 |  7- 9 || total
-------------------------+-------+-------+-------++-------
Melee: Dagger            |     4 |     7 |    38 ||    49
 Abil: Evoke Invisibilit |       |     3 |     4 ||     7
  Use: Potion            |       |       |     1 ||     1
 Stab: Sleeping          |     4 |     7 |     7 ||    18
       Invisible         |       |       |     8 ||     8
Dodge: Dodged            |       |       |    17 ||    17
